 Dungeon Crawl Stone Soup version 0.25-a0-340-ga1faa1601d (webtiles) character file.

Game seed: 14792656803956157602, levelgen mode: deterministic

193 sankara the Grave Robber (level 5, -1/28 HPs)
             Began as a Vampire Necromancer on Dec 29, 2019.
             Slain by a rat (2 damage)
             ... in a sewer.
             The game lasted 00:17:40 (3039 turns).

sankara the Grave Robber (Vampire Necromancer)      Turns: 3039, Time: 00:17:40

Health: -1/28      AC:  3    Str:  7    XL:     5   Next: 44%
Magic:  0/8        EV: 14    Int: 24    God:
Gold:   73         SH:  0    Dex: 14    Spells: 3/8 levels left

rFire    . . .     SeeInvis +   h - +0 dagger (vamp)
rCold    + + .     Gourm    .   (no shield)
rNeg     + + +     Faith    .   a - +0 robe
rPois    ∞         Spirit   .   g - +0 helmet
rElec    .         Reflect  .   (no cloak)
rCorr    .         Harm     .   (no gloves)
MR       .....                  (no boots)
Stlth    +++++.....             (no amulet)
HPRegen  0.00/turn              (no ring)
MPRegen  0.11/turn              (no ring)

@: brilliant, flying, bloodless
A: no food, fangs 3, see invisible, unbreathing
a: Bat Form, Revivify


You were in a sewer.
You were bloodless.

You visited 1 branch of the dungeon, and saw 3 of its levels.
You also visited: Sewer.

You collected 73 gold pieces.

Inventory:

Hand Weapons
 h - a +0 vampiric dagger (weapon)
   (You took it off a kobold on level 1 of the Dungeon)
Missiles
 i - 4 poisoned darts (quivered)
Armour
 a - a +0 robe (worn)
 g - a +0 helmet (worn)
   (You took it off Robin on level 2 of the Dungeon)
Scrolls
 c - a scroll of immolation {unknown}
 d - a scroll of magic mapping {!r}
 f - 5 scrolls of identify {unknown}
Potions
 b - a potion of heal wounds {unknown}
 k - a potion of flight


   Skills:
 + Level 3.6 Dodging
 + Level 5.1 Stealth
 + Level 2.0 Spellcasting
 * Level 6.1 Necromancy


You had 3 spell levels left.
You knew the following spells:

 Your Spells              Type           Power        Failure   Level  Hunger
a - Pain                  Necr           ####         1%          1    N/A
b - Animate Skeleton      Necr           N/A          1%          1    N/A
c - Vampiric Draining     Necr           #####.....   1%          3    N/A

Your spell library contained the following spells:

 Spells                   Type           Power        Failure   Level  Hunger
 Regeneration             Chrm/Necr      ####......   1%          3    N/A
 Animate Dead             Necr           N/A          1%          4    N/A

Dungeon Overview and Level Annotations

Branches:
Dungeon (3/15)              Sewer (1/1)

Altars:


Innate Abilities, Weirdness & Mutations

You do not eat.
You do not regenerate when monsters are visible.
You are frail without blood (-20% HP).
You can heal yourself when you bite living creatures.
You are immune to poison.
You have razor-sharp teeth.
You have supernaturally acute eyesight. (SInv)
You can survive without breathing.


Message History

Aim: a river rat (chance to defeat MR: 89%)
The river rat writhes in agony!
Casting: Pain (safe; 1% risk of failure)
Confirm with . or Enter, or press ? or * to list all spells.
Aiming: Pain (safe; 1% risk of failure)
Press: ? - help, Shift-Dir - straight line, f - river rat, p - river rat
Aim: a river rat (chance to defeat MR: 89%)
The river rat writhes in agony!
A rat comes into view.
The river rat bites you.
Your kobold skeleton hits the river rat but does no damage.
You hit the river rat but do no damage.
The river rat is almost dead.
The river rat barely misses you.
A rat comes into view.
You hit the river rat but do no damage.
The river rat is almost dead.
Your kobold skeleton hits the river rat but does no damage.
The river rat completely misses you. The river rat misses you.
The ooze hits your rat skeleton.
Your rat skeleton bites the ooze.
Casting: Pain (safe; 1% risk of failure)
Confirm with . or Enter, or press ? or * to list all spells.
Aiming: Pain (safe; 1% risk of failure)
Press: ? - help, Shift-Dir - straight line, f - river rat, p - river rat
Aim: a river rat (severely wounded, chance to defeat MR: 89%)
The river rat writhes in agony.
You kill the river rat!
The river rat bites you! The river rat bites your rat skeleton.
Your rat skeleton is destroyed!
Your kobold skeleton hits the river rat but does no damage.
The river rat bites your kobold skeleton.
Your kobold skeleton splashes around in the water.
Your rat skeleton splashes around in the water.
Your rat skeleton bites the ooze.
The ooze hits your rat skeleton.
Casting: Pain (safe; 1% risk of failure)
Confirm with . or Enter, or press ? or * to list all spells.
Aiming: Pain (safe; 1% risk of failure)
Press: ? - help, Shift-Dir - straight line, f - river rat
Aim: a river rat (chance to defeat MR: 89%)
The river rat writhes in agony.
The river rat completely misses you.
Your kobold skeleton closely misses the river rat.
Your rat skeleton barely misses the ooze.
Your rat skeleton bites the ooze but does no damage.
The ooze hits your rat skeleton.
You closely miss the river rat.
The river rat is heavily wounded.
The river rat bites you.
The river rat bites your kobold skeleton.
Your kobold skeleton is destroyed!
The ooze hits your rat skeleton.
Your rat skeleton is destroyed!
You closely miss the river rat. Your bite misses the river rat.
The river rat is heavily wounded.
The rat splashes around in the water.
The river rat closely misses you.
Your rat skeleton bites the ooze but does no damage.
The river rat barely misses your rat skeleton.
The rat bites your rat skeleton.
Your rat skeleton bites the ooze but does no damage.
It was a potion of flight.
You feel very buoyant.
You fly up into the air.
The rat splashes around in the water.
The river rat bites you.
* * * LOW HITPOINT WARNING * * *
The river rat bites your rat skeleton.
Your rat skeleton is destroyed!
Your rat skeleton misses the rat.
It was a potion of curing.
You feel better. The rat bites your rat skeleton.
The river rat closely misses you.
Your rat skeleton completely misses the ooze.
Your kobold skeleton hits the river rat but does no damage.
The ooze barely misses you.
Your rat skeleton bites the river rat but does no damage.
Your rat skeleton bites the rat.
It was a potion of brilliance.
You feel clever all of a sudden. The rat bites your rat skeleton.
The rat closely misses you. The river rat bites you.
The river rat bites your rat skeleton! The ooze hits you.
Your rat skeleton bites the ooze.
Your kobold skeleton hits the river rat but does no damage.
Your rat skeleton closely misses the rat.
Casting: Pain (safe; 1% risk of failure)
Confirm with . or Enter, or press ? or * to list all spells.
Aiming: Pain (safe; 1% risk of failure)
Press: ? - help, Shift-Dir - straight line, f - ooze, p - river rat
Aim: an ooze (moderately wounded, chance to defeat MR: 84%)
The ooze writhes in agony.
The rat bites your rat skeleton.
Your rat skeleton is destroyed!
The river rat misses you. The rat bites your kobold skeleton.
The river rat bites your kobold skeleton!
Your kobold skeleton is destroyed!
The ooze hits you.
* * * LOW HITPOINT WARNING * * *
Your rat skeleton bites the ooze.
You hit the ooze.
The ooze is almost dead.
Your rat skeleton closely misses the rat.
The river rat bites you!
* * * LOW HITPOINT WARNING * * *
The rat bites you.
You die...

.....# #...... ......##......##
.......≈...≈≈≈≈≈≈≈≈
≈≈≈≈≈≈≈≈.≈.≈≈..≈≈≈≈≈≈≈≈≈≈≈≈≈≈#≈
≈≈≈≈≈≈≈≈≈≈≈≈≈≈≈≈≈≈≈≈≈≈≈≈≈≈≈≈#≈#
≈≈≈≈≈≈≈≈≈≈≈≈≈≈≈≈≈≈≈≈≈≈≈≈≈≈≈≈≈#
≈≈≈≈≈≈≈≈..≈.≈≈≈≈r≈≈≈≈≈≈≈≈≈≈≈#
≈≈≈≈≈≈≈......rrrrr≈≈≈≈≈≈≈≈≈≈#####
≈.≈.≈.≈.......rJ@≈≈≈≈≈≈≈≈≈≈≈#..#.
...............ZZZ..≈≈..≈..≈#Z...
.Z........................(('.Z..
.##............%............#Z%..
####.......##.%%............#..#.
###...##..#####......###..#######
#∩..#####..######..%## #### #####
##..∩# ##### #####


You could see an ooze, 2 river rats, 5 rats and 3 friendly rat skeletons.

Vanquished Creatures
  Natasha (thrice) (D:2)
  Robin (D:2)
  2 adders (D:2)
  2 river rats
  2 worms (D:2)
  2 leopard geckos
  4 bats
  4 giant cockroaches
  10 goblins
  6 hobgoblins
  2 jackals (D:1)
  9 kobolds
  3 ball pythons
  A frilled lizard (D:2)
  17 rats
68 creatures vanquished.

Vanquished Creatures (collateral kills)
  A worm (D:2)
  A kobold (Sewer)
2 creatures vanquished.

Grand Total: 70 creatures vanquished

Notes
Turn   | Place    | Note
-------+----------+-------------------------------------------
     0 | D:1      | sankara the Vampire Necromancer began the quest for the
                  | Orb.
     0 | D:1      | Reached XP level 1. HP: 13/13 MP: 3/3
   315 | D:1      | Reached XP level 2. HP: 8/15 MP: 1/5
   585 | D:1      | Learned a level 1 spell: Animate Skeleton
  1201 | D:2      | Reached skill level 5 in Necromancy
  1211 | D:2      | Reached XP level 3. HP: 15/19 MP: 0/6
  1339 | D:2      | Learned a level 3 spell: Vampiric Draining
  1358 | D:2      | Reached skill level 4 in Stealth
  1477 | D:2      | Noticed Robin
  1489 | D:2      | Killed Robin
  1489 | D:2      | Reached skill level 3 in Dodging
  1692 | D:2      | Noticed Natasha
  1798 | D:2      | Reached XP level 4. HP: 24/24 MP: 4/7
  2231 | D:2      | Killed Natasha
  2231 | D:2      | HP: 3/24 [goblin/stone (6)]
  2650 | D:2      | Noticed Natasha
  2657 | D:2      | Killed Natasha
  2746 | D:2      | Noticed Natasha
  2753 | D:2      | Killed Natasha
  2753 | D:2      | Reached XP level 5. HP: 28/28 MP: 2/8
  2835 | D:3      | Found a glowing drain.
  2849 | D:3      | Reached skill level 5 in Stealth
  2849 | D:3      | Reached skill level 6 in Necromancy
  2854 | Sewer    | Entered a sewer
  3035 | Sewer    | HP: 7/28 [river rat (3)]
  3039 | Sewer    | HP: 1/28 [river rat (7)]
  3039 | Sewer    | Slain by a rat

Levels and vault maps discovered:
D:1:      roderic_dead_forest, layout_basic, supply_closet_lemuel
D:2:      layout_rooms, kennysheep_generic_room_12, uniq_natasha, uniq_robin
D:3:      layout_basic, portal_sewer_entry_a, serial_rivers,
          chequers_serial_rivers_room_b, chequers_serial_rivers_small_3,
          chequers_serial_rivers_micro_c, chequers_serial_rivers_micro_d
Sewer:    sewer_minmay_treatment

Skill      XL: |  1  2  3  4  5 |
---------------+----------------+-----
Necromancy     | 5 6 |  6.1
Stealth        | 4 5 |  5.1
Dodging        | 3 |  3.6
Spellcasting   | |  2.0

Action                   |  1- 3 |  4- 6 || total
-------------------------+-------+-------++-------
Melee: Dagger            |    25 |    31 ||    56
       Bite              |     2 |     1 ||     3
 Cast: Pain              |    66 |    41 ||   107
       Animate Skeleton  |     9 |    13 ||    22
 Abil: Exsanguinate      |     1 |       ||     1
  Use: Scroll            |       |     3 ||     3
       Potion            |       |     3 ||     3
 Stab: Sleeping          |     2 |     7 ||     9
Armor: Robe              |    10 |     3 ||    13
Dodge: Dodged            |    36 |    30 ||    66

Table legend:
 A = Non-vault XP
 B = Vault XP
 C = Vault XP percentage of total XP
 D = Non-vault monster count
 E = Vault monster count
 F = Vault count percentage of total count
                 A         B        C        D         E       F
            +---------+---------+-------+---------+---------+-------
      Total |     146 |     131 |  47.3 |      36 |      34 |  48.6
            +---------+---------+-------+---------+---------+-------
        D:1 |      29 |       2 |   6.5 |      18 |       1 |   5.3
        D:2 |     117 |      80 |  40.6 |      18 |      13 |  41.9
        D:3 |       0 |      15 | 100.0 |       0 |       3 | 100.0
      Sewer |       0 |      34 | 100.0 |       0 |      17 | 100.0
            +---------+---------+-------+---------+---------+-------

Levels and vault maps discovered:
D:1:      roderic_dead_forest, layout_basic, supply_closet_lemuel
D:2:      layout_rooms, kennysheep_generic_room_12, uniq_natasha, uniq_robin
D:3:      layout_basic, portal_sewer_entry_a, serial_rivers,
          chequers_serial_rivers_room_b, chequers_serial_rivers_small_3,
          chequers_serial_rivers_micro_c, chequers_serial_rivers_micro_d
Sewer:    sewer_minmay_treatment

Table legend:
 A = Turns spent in this place as a percentage of turns spent in the entire game.
 B = Non-inter-level travel turns spent in this place as a percentage of non-inter-level travel turns spent in the entire game.
 C = Inter-level travel turns spent in this place as a percentage of turns spent in this place.
 D = Turns resting spent in this place as a percentage of non-inter-level travel turns spent in this place.
 E = Turns spent auto-exploring this place as a percentage of non-inter-level travel turns spent in this place.
 F = Non-inter-level travel turns spent in this place divided by the number of levels of this place that you've seen.
                   A       B       C       D       E      F
               +-------+-------+-------+-------+-------+----------------------
         Total | 100.0 | 100.0 |   3.3 |  35.3 |  40.8 | 734.5
       Dungeon |  93.9 |  93.7 |   3.5 |  37.7 |  41.3 | 917.7
         Sewer |   6.1 |   6.3 |   0.0 |   0.0 |  33.5 | 185.0
               +-------+-------+-------+-------+-------+----------------------

Table legend:
 A = Kills in this place as a percentage of kills in entire the game.
 B = Kills by you in this place as a percentage of kills by you in the entire game.
 C = Kills by friends in this place as a percentage of kills by friends in the entire game.
 D = Other kills in this place as a percentage of other kills in the entire game.
 E = Experience gained in this place as a percentage of experience gained in the entire game.
 F = Experience gained in this place divided by the number of levels of this place that you have seen.
                   A       B       C       D       E      F
               +-------+-------+-------+-------+-------+----------------------
         Total | 100.0 | 100.0 | 100.0 |   N/A | 100.0 |  69.2
       Dungeon |  75.7 |  76.5 |  50.0 |   N/A |  87.7 |  81.0
         Sewer |  24.3 |  23.5 |  50.0 |   N/A |  12.3 |  34.0
               +-------+-------+-------+-------+-------+----------------------
